 Dungeon Crawl Stone Soup version 0.31-a0-1206-g41278d8d1d (webtiles) character file.

Game seed: 4137737680820340757

1650 jlumianski the Ruffian (level 9, -1/66 HPs)
             Began as a Gnoll Shapeshifter on Dec 14, 2023.
             Slain by a two-headed ogre
             ... wielding a +0 giant club
              (15 damage)
             ... on level 6 of the Dungeon.
             The game lasted 00:25:54 (5851 turns).

jlumianski the Ruffian (Gnoll Shapeshifter)         Turns: 5851, Time: 00:25:55

Health: -1/66      AC: 17    Str: 16    XL:     9   Next: 0%
Magic:  14/14      EV:  6    Int: 12    God:
Gold:   288        SH:  0    Dex: 11    Spells: 15/15 levels left

rFire   . . .        B - +8 dagger of Responsibility {vamp, Fly Will+++ Int+2 Dex-2}
rCold   . . .        (no shield)
rNeg    . . .        g - +2 plate armour {rPois}
rPois   +            (helmet currently unavailable)
rElec   .            (cloak currently unavailable)
rCorr   .            (gloves currently unavailable)
SInv    .            (boots currently unavailable)
Will    +++..        (no amulet) Stlth
                     E - +4 ring of protection
HPRegen 0.31/turn    (no ring)
MPRegen 0.14/turn

%: no passive effects
@: beast-form, flying
A: beast (slay +4), fangs 1, strong nose, distributed training
a: Begin Untransformation


You were on level 6 of the Dungeon.
You were a hulking beast.
You visited 1 branch of the dungeon, and saw 7 of its levels.
You also visited: Sewer.

You collected 324 gold pieces.
You spent 36 gold pieces at shops.

Inventory:

Hand Weapons
 B - the +8 dagger of Responsibility (weapon) {vamp, Fly Will+++ Int+2 Dex-2}
   (You found it on level 5 of the Dungeon)

   Int+2:     It affects your intelligence (+2).
   Dex-2:     It affects your dexterity (-2).
   Will+++:   It greatly increases your willpower.
   Fly:       It grants you flight.
 C - a +5 heavy flail
 G - a +1 arbalest of electrocution
Missiles
 l - 9 poisoned darts
 v - a throwing net
 w - 6 boomerangs
Armour
 a - a +0 animal skin
 g - a +2 plate armour of poison resistance (worn)
 j - the +0 chain mail "Heanyisi" {Str-2 Dex+3 SInv}
   (You found it on level 2 of the Dungeon)

   Str-2:     It affects your strength (-2).
   Dex+3:     It affects your dexterity (+3).
   SInv:      It lets you see invisible.
 n - a +0 helmet of see invisible
 o - the +1 ring mail "Zaowk" {rF++ rC+ Will+++ Int-3}
   (You found it in a sewer)

   Int-3:     It affects your intelligence (-3).
   rF++:      It greatly protects you from fire.
   rC+:       It protects you from cold.
   Will+++:   It greatly increases your willpower.
 t - a +0 buckler
 H - an orb of energy
Magical Staves
 p - a staff of death
Jewellery
 r - a ring of ice
 E - a +4 ring of protection (left hand)
Talismans
 c - a beast talisman (active)
 d - a flux talisman
 e - a serpent talisman
 J - a dragon-blood talisman
Wands
 i - a wand of flame (14)
 y - a wand of charming (6)
Scrolls
 m - a scroll of amnesia
 q - 2 scrolls of brand weapon {unknown}
 u - a scroll of blinking
 x - a scroll of vulnerability
 z - a scroll of enchant weapon
 F - a scroll of fog
 I - a scroll of immolation {unknown}
Potions
 b - 2 potions of lignification
 f - 2 potions of mutation
 h - 2 potions of enlightenment {unknown}
 k - 4 potions of curing
 s - a potion of resistance
 A - a potion of attraction {unknown}
 D - a potion of magic {unknown}


   Skills:
 + Level 4.6 Fighting
 + Level 3.8 Short Blades
 + Level 3.8 Long Blades
 + Level 3.8 Axes
 + Level 3.8 Maces & Flails
 + Level 3.8 Polearms
 + Level 3.8 Staves
 + Level 3.8 Ranged Weapons
 + Level 3.8 Throwing
 + Level 3.8 Armour
 + Level 6.0 Dodging
 + Level 3.8 Stealth
 + Level 3.8 Shields
 + Level 7.6 Unarmed Combat
 + Level 3.8 Spellcasting
 + Level 3.1 Conjurations
 + Level 3.1 Hexes
 + Level 3.1 Summonings
 + Level 3.1 Necromancy
 + Level 3.1 Translocations
 + Level 3.1 Transmutations
 + Level 3.1 Fire Magic
 + Level 3.1 Ice Magic
 + Level 3.1 Air Magic
 + Level 3.1 Earth Magic
 + Level 3.1 Poison Magic
 + Level 4.2 Invocations
 + Level 3.8 Evocations
 + Level 7.4 Shapeshifting


You had 15 spell levels left.
You didn't know any spells.
Your spell library contained the following spells:

 Spells                   Type           Power      Damage    Failure   Level
 Apportation              Tloc           18%        N/A       98%         1
 Blink                    Tloc           18%        N/A       99%         2
 Jinxbite                 Hex            18%        N/A       99%         2
 Manifold Assault         Tloc           9%         N/A       100%        4
 Alistair's Intoxication  Tmut/Pois      6%         N/A       100%        5


Dungeon Overview and Level Annotations

Branches:
Dungeon (7/15)              Sewer (visited)
 Temple: D:4-7

Altars:
Sif Muna
Uskayaw
Xom

Shops:
D:2 !


Innate Abilities, Weirdness & Mutations

You are a hulking beast.
Your limbs bulge with bestial killing power. (Slay +4)
You have very sharp teeth.
Your uncanny sense of smell can sniff out nearby items.
Your experience applies equally to all skills.


Message History

Press: ? - help, Shift-Dir - straight line, f/p - two-headed ogre
Aim: a two-headed ogre, wielding a +0 giant club and a +0 giant spiked club (lightly wounded, 86% to hit)
The puff of flame hits the two-headed ogre.
The two-headed ogre is moderately wounded.
Okay, then.
Unknown command.
Unknown command.
Unknown command.
You puncture the two-headed ogre! You punch the two-headed ogre.
The two-headed ogre is heavily wounded.
You hit the two-headed ogre.
The two-headed ogre is heavily wounded.
The two-headed ogre hits you with a +0 giant club.
The two-headed ogre hits you with a +0 giant spiked club!
You puncture the two-headed ogre!
The two-headed ogre is severely wounded.
The two-headed ogre hits you with a +0 giant club!
The two-headed ogre hits you with a +0 giant spiked club.
You hit the two-headed ogre.
You feel better.
You bite the two-headed ogre.
The two-headed ogre is severely wounded.
You barely miss the two-headed ogre.
The two-headed ogre is severely wounded.
The two-headed ogre hits you with a +0 giant club!!
* * * LOW HITPOINT WARNING * * *
The two-headed ogre hits you but does no damage.
You hit the two-headed ogre but do no damage.
The two-headed ogre is severely wounded.
You hit the two-headed ogre but do no damage.
The two-headed ogre is severely wounded.
The two-headed ogre hits you with a +0 giant club.
* * * LOW HITPOINT WARNING * * *
The two-headed ogre hits you but does no damage.
You hit the two-headed ogre.
You punch the two-headed ogre, but do no damage.
The two-headed ogre is severely wounded.
You hit the two-headed ogre but do no damage.
You bite the two-headed ogre.
The two-headed ogre is severely wounded.
The two-headed ogre hits you with a +0 giant club!
You die...

........<....#..##........
>##............##........
##........#.##.......##
###.......## #..####...
.....##...#####.#.#.....
......##....#.#..........
........##..........###...
....................# #.##
.........h.#........# #...
.......O######....###.#
......... #........##
.......... ##........#.
.....##.... #...........
..... ###..##.#.........
.... ............... ....
...............
#..##.......##


You could see a two-headed ogre.

Vanquished Creatures
  Grinder (D:3)
  Sigmund (D:3)
  Menkaure (D:4)
  Edmund (D:4)
  An ice beast (D:5)
  2 ogres
  A phantom (D:6)
  Blork the orc (D:4)
  A bullfrog (Sewer)
  A scorpion (D:4)
  A howler monkey (D:5)
  4 hounds
  An iguana (D:5)
  An orc wizard (D:4)
  3 gnolls (D:4)
  11 adders
  2 river rats (D:3)
  4 white imps
  A worm (D:3)
  4 dart slugs
  9 orcs
  17 endoplasms
  9 giant cockroaches
  4 goblins
  9 hobgoblins
  15 jackals
  3 kobolds
  13 quokkas
  15 ball pythons
  6 bats
  11 frilled lizards
  4 rats
158 creatures vanquished.

Notes
Turn   | Place    | Note
-------+----------+-------------------------------------------
     0 | D:1      | jlumianski the Gnoll Shapeshifter began the quest for the
                  | Orb.
     0 | D:1      | Reached XP level 1. HP: 17/17 MP: 1/1
    98 | D:2      | Reached XP level 2. HP: 18/23 MP: 2/2
   322 | D:1      | Reached XP level 3. HP: 21/28 MP: 3/3
   582 | D:2      | Identified the +0 chain mail "Heanyisi" {Str-2 Dex+3 SInv}
   597 | D:2      | Reached skill level 1 in Invocations
   597 | D:2      | Found Cumott's Distillery.
   619 | D:2      | Bought a potion of curing for 36 gold pieces
   708 | D:2      | Reached skill level 1 in Short Blades
   708 | D:2      | Reached skill level 1 in Long Blades
   708 | D:2      | Reached skill level 1 in Axes
   708 | D:2      | Reached skill level 1 in Maces & Flails
   708 | D:2      | Reached skill level 1 in Polearms
   708 | D:2      | Reached skill level 1 in Staves
   708 | D:2      | Reached skill level 1 in Ranged Weapons
   708 | D:2      | Reached skill level 1 in Throwing
   708 | D:2      | Reached skill level 1 in Armour
   708 | D:2      | Reached skill level 1 in Stealth
   708 | D:2      | Reached skill level 1 in Shields
   708 | D:2      | Reached skill level 1 in Spellcasting
   708 | D:2      | Reached skill level 1 in Evocations
   849 | D:3      | Noticed Sigmund
   862 | D:3      | Killed Sigmund
   863 | D:3      | Reached skill level 1 in Conjurations
   863 | D:3      | Reached skill level 1 in Hexes
   863 | D:3      | Reached skill level 1 in Summonings
   863 | D:3      | Reached skill level 1 in Necromancy
   863 | D:3      | Reached skill level 1 in Translocations
   863 | D:3      | Reached skill level 1 in Transmutations
   863 | D:3      | Reached skill level 1 in Fire Magic
   863 | D:3      | Reached skill level 1 in Ice Magic
   863 | D:3      | Reached skill level 1 in Air Magic
   863 | D:3      | Reached skill level 1 in Earth Magic
   863 | D:3      | Reached skill level 1 in Poison Magic
   863 | D:3      | Reached XP level 4. HP: 16/35 MP: 4/6
   863 | D:3      | Reached XP level 5. HP: 19/41 MP: 4/7
   864 | D:3      | Noticed Grinder
   947 | D:3      | Paralysed by Grinder for 3 turns
   954 | D:3      | Killed Grinder
   955 | D:3      | Reached skill level 5 in Dodging
   955 | D:3      | Reached XP level 6. HP: 6/47 MP: 7/9
   960 | D:3      | Found a glowing drain.
   972 | Sewer    | Entered a sewer
  1286 | Sewer    | Reached XP level 7. HP: 42/52 MP: 10/10
  1448 | Sewer    | Identified the +1 ring mail "Zaowk" {rF++ rC+ Will+++
                  | Int-3}
  1692 | D:3      | Found a hide-covered altar of Uskayaw.
  2251 | D:1      | Found a faded altar of an unknown god.
  2919 | D:3      | Found a shimmering altar of Xom.
  3433 | D:5      | Entered Level 5 of the Dungeon
  3732 | D:4      | Reached XP level 8. HP: 51/60 MP: 12/12
  3771 | D:4      | Noticed Blork the orc
  3777 | D:4      | Killed Blork the orc
  3783 | D:4      | Noticed Menkaure
  3789 | D:4      | Killed Menkaure
  4009 | D:4      | Noticed Edmund
  4017 | D:4      | Killed Edmund
  4943 | D:5      | Identified the +8 dagger of Responsibility {vamp, Fly
                  | Will+++ Int+2 Dex-2}
  5791 | D:6      | Found a shimmering blue altar of Sif Muna.
  5811 | D:6      | Reached XP level 9. HP: 66/66 MP: 14/14
  5840 | D:6      | Noticed a two-headed ogre
  5851 | D:6      | Slain by a two-headed ogre

Illustrated notes

Levels and vault maps discovered:
D:1:      dpeg_arrival_three_same_balls, layout_loops_corners,
          shapermc_ecumenical_altar_mp_highgroup, dreamdust_princess_bridge
D:2:      layout_loops_cross, serial_shops, shop, minivault_19
D:3:      layout_loops_cross, marbit_many_paths, old_standard_altar,
          cheibrodos_sewer_entry_sluice, glass_columns_b,
          hangedman_feature_mirror, uniq_grinder, uniq_sigmund
D:4:      layout_layer_cave, minmay_misc_feat_doors, uniq_edmund,
          uniq_blork_the_orc, uniq_menkaure
D:5:      layout_basic, kennysheep_dice
D:6:      kennysheep_kobold_camp, layout_cave_pools, kennysheep_mini_moat,
          nemelex_diamond_rough_becter
D:7:      cheibrodos_steamvent, layout_basic, temple_green, hex_medium,
          minmay_lizard_king, uniq_crazy_yiuf_cottage, uniq_maurice

Skill      XL: |  1  2  3  4  5  6  7  8 |
---------------+-------------------------+-----
Invocations    | 1 2 3 4 |  4.2
Short Blades   | 1 2 3 |  3.8
Long Blades    | 1 2 3 |  3.8
Axes           | 1 2 3 |  3.8
Maces & Flails | 1 2 3 |  3.8
Polearms       | 1 2 3 |  3.8
Staves         | 1 2 3 |  3.8
Ranged Weapons | 1 2 3 |  3.8
Throwing       | 1 2 3 |  3.8
Armour         | 1 2 3 |  3.8
Stealth        | 1 2 3 |  3.8
Shields        | 1 2 3 |  3.8
Spellcasting   | 1 2 3 |  3.8
Evocations     | 1 2 3 |  3.8
Fighting       | 3 4 |  4.6
Conjurations   | 1 2 3 |  3.1
Hexes          | 1 2 3 |  3.1
Summonings     | 1 2 3 |  3.1
Necromancy     | 1 2 3 |  3.1
Translocations | 1 2 3 |  3.1
Transmutations | 1 2 3 |  3.1
Fire Magic     | 1 2 3 |  3.1
Ice Magic      | 1 2 3 |  3.1
Air Magic      | 1 2 3 |  3.1
Earth Magic    | 1 2 3 |  3.1
Poison Magic   | 1 2 3 |  3.1
Dodging        | 5 6 |  6.0
Unarmed Combat | 7 |  7.6
Shapeshifting  | 7 |  7.4

Action                     |  1- 3 |  4- 6 |  7- 9 || total
---------------------------+-------+-------+-------++-------
  Melee: Unarmed           |    58 |    32 |   157 ||   247
         Bite              |     3 |       |     7 ||    10
         Constrict         |     7 |     8 |    37 ||    52
         Dagger            |       |       |    65 ||    65
         Punch             |       |       |     5 ||     5
   Fire: Arbalest          |       |       |     4 ||     4
  Evoke: Wand              |       |       |     4 ||     4
    Use: Scroll            |     2 |       |     5 ||     7
         Potion            |     1 |       |       ||     1
   Stab: Sleeping          |     1 |       |     7 ||     8
 Armour: Animal skin       |     7 |       |     1 ||     8
         Skin              |    12 |     8 |    55 ||    75
         Plate armour      |       |       |    48 ||    48
  Dodge: Dodged            |    29 |    13 |    62 ||   104
   Form: Serpent           |     1 |       |       ||     1
         Beast             |       |       |     1 ||     1

Table legend: (Time is in decaauts)
 A = Elapsed time spent in this place.
 B = Non-inter-level travel time spent in this place.
 C = Inter-level travel time spent in this place.
 D = Time resting spent in this place.
 E = Time spent auto-exploring this place.
 F = Levels seen in this place.
 G = Mean time per level.
                   A        B        C        D        E       F      G
               +--------+--------+--------+--------+--------+-----+--------+
         Total |   5818 |   5593 |    225 |    474 |   3341 |   8 |  727.2 |
       Dungeon |   5303 |   5078 |    225 |    272 |   3325 |   7 |  757.6 |
         Sewer |    514 |    514 |      0 |    202 |     16 |   1 |  514.0 |
               +--------+--------+--------+--------+--------+-----+--------+

Top non-repeatable levels by time:
     D:4: 1426 daAuts
     D:1: 1111 daAuts
     D:5: 945 daAuts
     D:3: 876 daAuts
     D:2: 716 daAuts
   Sewer: 514 daAuts
     D:6: 178 daAuts
     D:7: 49 daAuts
